 Dungeon Crawl Stone Soup version 0.30-a0-1160-g6e42c06551 (webtiles) character file.

Game seed: 6385370240810761867

56 qeuew the Covered (level 3, 0/23 HPs)
             Began as a Gargoyle Fighter on Apr 25, 2023.
             Slain by Sigmund
             ... wielding a +0 heavy scythe
              (12 damage)
             ... on level 2 of the Dungeon.
             The game lasted 00:01:10 (918 turns).

qeuew the Covered (Gargoyle Fighter)                 Turns: 918, Time: 00:01:11

Health: 0/23       AC: 10    Str: 19    XL:     3   Next: 95%
Magic:  3/3        EV:  9    Int:  8    God:
Gold:   62         SH:  4    Dex: 11    Spells: 2/2 levels left

rFire   . . .        a - +0 flail
rCold   . . .        c - +0 buckler
rNeg    + . .        b - +0 scale mail
rPois   ∞            (no helmet)
rElec   +            (no cloak)
rCorr   .            (no gloves)
SInv    .            (no boots)
Will    .....        (no amulet) Stlth
                     (no ring)
HPRegen 0.23/turn    (no ring)
MPRegen 0.08/turn

%: no passive effects
@: no status effects
A: sickness immunity, AC +3, negative energy resistance 1, electricity
resistance, torment resistance 1, petrification resistance
a: no special abilities


You were on level 2 of the Dungeon.
You visited 1 branch of the dungeon, and saw 2 of its levels.

You collected 62 gold pieces.

Inventory:

Hand Weapons
 a - a +0 flail (weapon)
Armour
 b - a +0 scale mail (worn)
 c - a +0 buckler (worn)
Potions
 d - a potion of might
 e - a potion of haste {unknown}


   Skills:
 + Level 3.5 Fighting
 * Level 2.7 Maces & Flails
 * Level 4.1 Armour
 + Level 0.6 Dodging
 + Level 3.5 Shields


You had 2 spell levels left.
You didn't know any spells.
Your spell library contained the following spells:

 Spells                   Type           Power      Damage    Failure   Level
 Portal Projectile        Hex/Tloc       0%         N/A       99%         3
 Tukima's Dance           Hex            0%         N/A       99%         3
 Blade Hands              Tmut           0%         N/A       100%        5


Dungeon Overview and Level Annotations

Branches:
Dungeon (2/15)

Altars:

Annotations:
D:2 Sigmund


Innate Abilities, Weirdness & Mutations

You are immune to sickness and miasma.
Your stone body is resilient. (AC +3)
You are immune to poison.
You resist negative energy. (rN+)
You are resistant to electric shocks. (rElec)
You are resistant to unholy torment.
You are immune to petrification.


Message History

The worm is severely wounded.
You block the worm's attack.
You thump the worm!
The worm is almost dead.
The worm bites you but does no damage.
You barely miss the worm.
The worm is almost dead.
You hit the worm.
You kill the worm!
No target in view!
No target in view!
No target in view!
No target in view!
No target in view!
No target in view!
No target in view!
A rat comes into view.
Found a spear.
A rat is nearby!
A rat is nearby!
You hit the rat.
You kill the rat!
No target in view!
No target in view!
No target in view!
No target in view!
No target in view!
You see here a +0 spear.
Sigmund the Dreaded comes into view.
He is wielding a +0 heavy scythe and wearing a +2 robe of positive energy.
Sigmund shouts!
You hear a shout!
Sigmund is nearby!
Sigmund is nearby!
Sigmund hits you with a +0 heavy scythe!
You hit Sigmund.
Sigmund is moderately wounded.
You barely miss Sigmund.
Sigmund is moderately wounded.
Sigmund hits you with a +0 heavy scythe!
Ouch! That really hurt!
You die...

##...###.## #. #..#.#
##.# #.# ##...###.## #.
##.###.## #+# #..#.##
##... #.#.## ##.... .##
#.##.## ##.....
.....####.#...####......
......@@.........'......
#.##.####.#...####......
#.##.######.....
#..........#....
....######.##... #...#
#.###'# #.... #.###.#
##..## #...... #.#.#..


You could see Sigmund.

Vanquished Creatures
  An adder (D:2)
  A worm (D:2)
  A bat (D:1)
  4 endoplasms
  6 goblins (D:1)
  4 hobgoblins
  4 jackals (D:1)
  5 kobolds
  4 quokkas (D:1)
  3 ball pythons
  4 rats
37 creatures vanquished.

Vanquished Creatures (others)
  A fungus (D:2)
  2 plants (D:2)
3 creatures vanquished.

Grand Total: 40 creatures vanquished

Notes
Turn   | Place    | Note
-------+----------+-------------------------------------------
     0 | D:1      | qeuew the Gargoyle Fighter began the quest for the Orb.
     0 | D:1      | Reached XP level 1. HP: 14/14 MP: 1/1
    79 | D:1      | Reached XP level 2. HP: 13/19 MP: 2/2
   423 | D:1      | Reached XP level 3. HP: 23/23 MP: 3/3
   534 | D:1      | Reached skill level 4 in Armour
   914 | D:2      | Noticed Sigmund
   918 | D:2      | Slain by Sigmund

Illustrated notes

Levels and vault maps discovered:
D:1:      zaba_arrival_water, layout_basic
D:2:      layout_loops_corners, shapermc_ecumenical_altar_hornbeckon,
          chequers_serial_rivers_room_b, uniq_sigmund, uniq_terence

Skill      XL: |  1  2  3 |
---------------+----------+-----
Armour         | 4 |  4.1
Fighting       | |  3.5
Maces & Flails | |  2.7
Dodging        | |  0.6
Shields        | |  3.5

Action                     || total
---------------------------++-------
  Melee: Flail             ||   110
    Use: Scroll            ||     1
         Potion            ||     1
 Armour: Scale mail        ||    87
  Dodge: Dodged            ||    59
  Block: Buckler           ||    26

Table legend: (Time is in decaauts)
 A = Elapsed time spent in this place.
 B = Non-inter-level travel time spent in this place.
 C = Inter-level travel time spent in this place.
 D = Time resting spent in this place.
 E = Time spent auto-exploring this place.
 F = Levels seen in this place.
 G = Mean time per level.
                   A        B        C        D        E       F      G
               +--------+--------+--------+--------+--------+-----+--------+
         Total |    960 |    928 |     32 |      0 |    678 |   2 |  480.0 |
       Dungeon |    960 |    928 |     32 |      0 |    678 |   2 |  480.0 |
               +--------+--------+--------+--------+--------+-----+--------+

Top non-repeatable levels by time:
     D:1: 753 daAuts
     D:2: 206 daAuts
